 Dungeon Crawl Stone Soup version 0.17-a0-1954-g0dddeaa (webtiles) character file.

226 Shim the Sneak (level 5, -1/25 HPs)
             Began as a Spriggan Enchanter on Oct 3, 2015.
             Killed by nerve-wracking pain
             ... invoked by a shadow imp
              (13 damage)
             ... on level 6 of the Dungeon.
             The game lasted 00:14:29 (2423 turns).

Shim the Sneak (Spriggan Enchanter)                 Turns: 2423, Time: 00:14:29

Health: -1/25      AC:  3    Str:  5    XL:     5   Next: 69%
Magic:  10/10      EV: 20    Int: 16    God:
Gold:   53         SH:  0    Dex: 17    Spells: 2 memorised, 7 levels left

rFire  . . .     SeeInvis +     g - +2 dagger (flame)
rCold  . . .     Clarity  .     b - +1 robe
rNeg   . . .     SustAt   .     (shield restricted)
rPois  .         Gourm    .     (helmet restricted)
rElec  .         Spirit   .     (no cloak)
rCorr  .         Warding  .     (gloves unavailable)
rMut   +         Stasis   .     (boots unavailable)
MR     .....                    s - amulet of resist mutation
Stlth  ++++......               (no ring)
                                (no ring)

@: very quick, not resistant to hostile enchantments, stealthy
A: unfitting armour, see invisible, herbivore 3, speed 3, slow metabolism 2
a: no special abilities


You were on level 6 of the Dungeon.
You were not hungry.

You visited 1 branch of the dungeon, and saw 4 of its levels.

You collected 53 gold pieces.

Inventory:

Hand weapons
 g - a +2 dagger of flaming (weapon)
 h - a cursed -2 mace
 l - a +3 short sword
Missiles
 f - 24 poisoned needles
Armour
 b - a +1 robe (worn)
Jewellery
 s - an amulet of resist mutation (around neck)
Scrolls
 q - a scroll of amnesia
Potions
 i - 2 potions of flight {unknown}
 k - a potion of degeneration {unknown}
 n - a potion of lignification {unknown}
 o - 3 potions of curing {unknown}
 p - a potion of invisibility {unknown}
Books
 c - a book of Maledictions

   Spells                             Type                      Level
   a - Corona                         Hexes                        1
   b - Ensorcelled Hibernation        Hexes/Ice                    2
   c - Confuse                        Hexes                        3
   d - Tukima's Dance                 Hexes                        3
   e - Dazzling Spray                 Conjuration/Hexes            3
Comestibles
 d - 3 bread rations
 j - a meat ration
 m - a slice of pizza


   Skills:
 + Level 0.4 Fighting
 + Level 1.9 Short Blades
 + Level 5.2 Dodging
 + Level 6.7 Stealth
 + Level 3.2 Spellcasting
 + Level 4.7 Hexes
 + Level 0.1 Ice Magic


You had 7 spell levels left.
You knew the following spells:

 Your Spells              Type           Power        Failure   Level  Hunger
a - Corona                Hex            ###....      2%          1    None
b - Ensorcelled Hibernat  Hex/Ice        ##....       12%         2    ##.....


Dungeon Overview and Level Annotations

Branches:
Dungeon (6/15)
 Temple: D:4-7

Altars:
Ashenzari
Xom


Innate Abilities, Weirdness & Mutations

You are tiny and cannot use many weapons and most armour.
You have supernaturally acute eyesight.
You are a herbivore.
You cover ground extremely quickly.
You need consume almost no food.


Message History

You continue putting on your +1 robe. x4
You finish putting on your +1 robe.
Drop what? 19/52 slots (_ for help) (? for menu, Esc to quit)
You drop a +1 dagger.
You drop a hunting sling.
You drop a +0 robe.
s - an amulet of resist mutation (around neck)
You see here a white potion.
A shadow imp comes into view.
The shadow imp hits you.
You closely miss the shadow imp. The shadow imp gestures at you.
Pain shoots through your body!
You closely miss the shadow imp. You hit the shadow imp.
You burn the shadow imp.
The shadow imp is moderately wounded.
The shadow imp gestures at you. Pain shoots through your body!
Ouch! That really hurt!
You die...

#........#.# ..
#..#######†###...
#.>......).......
#.############...
#[..# . ###!#
######.# #......#
#.5@...# #..[...#
#.........#
#....#.####
#l...#.# #....+.#
#....### #....#


You could see a shadow imp and a giant newt (sleeping).

Vanquished Creatures
  A giant frog (D:6)
  Ijyb (D:2)
  Terence (D:2)
  A giant frog skeleton (D:6)
  A worker ant zombie (D:6)
  2 adders
  An adder zombie (D:6)
  A worm (D:2)
  4 giant geckos
  An orc (D:3)
  5 goblins
  4 hobgoblins
  6 jackals
  7 kobolds
  2 ball pythons
  4 bats
  3 giant cockroaches
  A giant newt (D:1)
  3 rats (D:2)
49 creatures vanquished.

Notes
Turn   | Place    | Note
--------------------------------------------------------------
     0 | D:1      | Shim the Spriggan Enchanter began the quest for the Orb.
     0 | D:1      | Reached XP level 1. HP: 9/9 MP: 5/5
   323 | D:1      | Reached XP level 2. HP: 8/13 MP: 6/6
   530 | D:1      | Learned a level 2 spell: Ensorcelled Hibernation
  1200 | D:2      | Reached skill level 5 in Stealth
  1200 | D:2      | Reached XP level 3. HP: 8/16 MP: 8/8
  1509 | D:2      | Noticed Terence
  1522 | D:2      | Killed Terence
  1527 | D:2      | Reached XP level 4. HP: 11/21 MP: 6/9
  1531 | D:2      | Found a shimmering altar of Xom.
  1719 | D:2      | Noticed Ijyb
  1747 | D:2      | Killed Ijyb
  1798 | D:2      | Found a shattered altar of Ashenzari.
  2245 | D:3      | You fall through a shaft for 3 floors!
  2245 | D:6      | Noticed a phantom
  2280 | D:6      | Noticed a giant frog
  2282 | D:6      | Killed a giant frog
  2282 | D:6      | Reached skill level 6 in Stealth
  2282 | D:6      | Reached XP level 5. HP: 24/24 MP: 10/10
  2294 | D:6      | Reached skill level 5 in Dodging
  2423 | D:6      | Killed from afar by a shadow imp

Vault maps used:
D:1:      minmay_arrival_stair_chambers
D:2:      lemuel_crystal_altar, nicolae_overflow_hidden_temple, first_bread,
          minivault_27, uniq_iyjb, uniq_terence
D:3:      grunt_temple_overflow_lords_of_destruction, lemuel_doored_altar,
          uniq_jessica

Action                   |  1- 3 |  4- 6 || total
-------------------------+-------+-------++-------
Melee: Dagger            |    86 |    58 ||   144
 Cast: Ensorcelled Hiber |     1 |     2 ||     3
  Use: Scroll            |     7 |       ||     7
 Stab: Sleeping          |     6 |     9 ||    15
       Distracted        |     1 |     1 ||     2
